 Dungeon Crawl Stone Soup version 0.21.1-1-g345015f (webtiles) character file.

4477 Labyrinth the Arsonist (level 10, -5/77 HPs)
             Began as a Red Draconian Fire Elementalist on July 24, 2018.
             Was a Follower of Qazlal.
             Slain by an ice devil (22 damage)
             ... summoned by a kobold demonologist
             ... on level 8 of the Dungeon.
             The game lasted 01:08:38 (8131 turns).

Labyrinth the Arsonist (DrFE)                       Turns: 8131, Time: 01:08:41

Health: -5/77      AC:  9    Str: 12    XL:     10   Next: 15%
Magic:  14/29      EV: 14    Int: 18    God:    Qazlal [*.....]
Gold:   472        SH:  2    Dex: 15    Spells: 5/23 levels left

rFire    + . .     SeeInvis .   n - +3 morningstar (protect)
rCold    . . .     Gourm    .   (no shield)
rNeg     . . .     Faith    .   (armour unavailable)
rPois    +         Spirit   .   h - +2 hat
rElec    .         Reflect  .   (no cloak)
rCorr    .         Harm     .   (no gloves)
MR       .....                  (no boots)
Stlth    +.........             (no amulet)
HPRegen  0.22/turn              u - +2 ring of intelligence
MPRegen  0.21/turn              v - ring of magical power

@: slowed, very slow
A: breathe fire, unfitting armour, agile 1, fire resistance 1, poison
resistance, cold-blooded, AC +7
a: Breathe Fire, Renounce Religion


You were on level 8 of the Dungeon.
You worshipped Qazlal.
Qazlal was aware of your devotion.
You were not hungry.

You visited 1 branch of the dungeon, and saw 8 of its levels.

You collected 472 gold pieces.

Inventory:

Hand Weapons
 k - a +0 shortbow
 n - a +3 morningstar of protection (weapon)
 w - a +0 hunting sling
 A - a +3 mace
 L - a +2 flail of crushing
Missiles
 c - 273 stones
 e - 167 arrows
 g - 11 javelins (quivered)
 j - 3 tomahawks
 l - 60 sling bullets
 t - 5 curare-tipped needles
 y - 55 bolts
Armour
 h - a +2 hat (worn)
Jewellery
 i - an uncursed ring of magical power
 r - an uncursed ring of positive energy
 u - a +2 ring of intelligence (left hand)
 v - a ring of magical power (right hand)
Wands
 m - a wand of scattershot (2)
 q - a wand of iceblast (10)
 G - a wand of enslavement (11)
Scrolls
 d - 2 scrolls of amnesia
 o - 3 scrolls of remove curse
 D - a scroll of teleportation
 E - 2 scrolls of enchant weapon
 H - a scroll of immolation
 I - 2 scrolls of magic mapping
Potions
 f - a potion of mutation
 p - a potion of berserk rage
 s - a potion of ambrosia
 x - 2 potions of flight
 z - a potion of haste
 B - a potion of brilliance
 F - a potion of lignification
Books
 a - a book of Flames

   Spells                             Type                      Level
   a - Flame Tongue                   Conjuration/Fire             1
   b - Throw Flame                    Conjuration/Fire             2
   c - Conjure Flame                  Conjuration/Fire             3
   d - Inner Flame                    Hexes/Fire                   3
   e - Sticky Flame                   Conjuration/Fire             4
   f - Fireball                       Conjuration/Fire             5
Comestibles
 b - 10 rations


   Skills:
 + Level 3.0 Fighting
 + Level 4.5 Maces & Flails
   Level 1.5 Polearms
 + Level 2.1(2.3) Slings
 + Level 1.1(1.8) Throwing
 + Level 3.8 Dodging
 + Level 2.9 Stealth
 + Level 7.0 Spellcasting
 + Level 6.6 Conjurations
 + Level 0.3 Hexes
 + Level 9.4 Fire Magic
 + Level 0.7 Invocations
 + Level 0.4 Evocations


You had 5 spell levels left.
You knew the following spells:

 Your Spells              Type           Power        Failure   Level  Hunger
a - Flame Tongue          Conj/Fire      #####        1%          1    None
b - Throw Flame           Conj/Fire      #####.       1%          2    None
c - Conjure Flame         Conj/Fire      #####...     1%          3    ##.....
d - Inner Flame           Hex/Fire       ###.....     4%          3    ##.....
e - Sticky Flame          Conj/Fire      #####...     3%          4    ####...
f - Fireball              Conj/Fire      #####.....   11%         5    #####..


Dungeon Overview and Level Annotations

Branches:
Dungeon (8/15)             Temple (0/1) D:7
   Lair: D:8-11

Altars:
Qazlal

Annotations:
D:8 1 transporter


Innate Abilities, Weirdness & Mutations

You can breathe blasts of fire.
Your fiery red scales are hard. (AC +7)
You cannot fit into any form of body armour.
Your flesh is heat resistant. (rF+)
You are cold-blooded and may be slowed by cold attacks.
You are agile. (Dex +2)
Your system is resistant to poisons. (rPois)


Message History

The ice devil misses you.
The kobold demonologist mumbles some strange words.
You enter the shallow water.
Moving in this stuff is going to be slow.
The orc priest mumbles some strange prayers to Beogh against you.
You struggle to resist.
The smoke demon gestures at you. The ball of steam misses you.
The ice devil hits you. The ice devil freezes you!
You feel yourself slow down.
* * * LOW HITPOINT WARNING * * *
The smoke demon gestures at you. The sticky flame hits you! You resist.
* * * LOW HITPOINT WARNING * * *
You hit the plant.
You tail-slap the plant, but do no damage.
The plant is lightly damaged.
The ice devil hits you.
* * * LOW HITPOINT WARNING * * *
The ice devil freezes you!!
You die...

# #.###.......# #..####....... #
#.# ###...########..####....... #
#.# #........................# #
#.# #.###############.##...).. #
#.# #.#8≈#...K45.#P8#.##.#.### #
#.####.#P.#≈≈≈≈≈≈≈#.P#.##.#.###
###......#$$#..≈≈≈..#..#..#.#...#
.##.##..©#©.+..P⌠3..'.©#©...###.#
....###..#$)#..≈@4..#..#.......).
.#### ##.#P.#≈≈§≈≈≈≈#.P#.##.#####
## #.#8≈#.§.o5..#P8#.##.# #
#.###############.##.#
#....................# ##
################..##.# #.
##############..##.## #.
#...............#...###.
#.#############..#......


You could see an ice devil, a rust devil, a kobold demonologist, a smoke demon,
an orc priest and 2 shadow imps.

Vanquished Creatures
  The ghost of dscm the Chopper, a novice HOMo of the Shining One (D:6)
  A kobold demonologist (D:8)
  2 slime creatures (D:5)
  A hippogriff (D:7)
  A spriggan (D:7)
  Sigmund (D:4)
  Eustachio (D:4)
  Edmund (D:6)
  3 ice beasts
  A black bear (D:6)
  2 orc warriors
  A phantom (D:5)
  A necrophage (D:6)
  2 ogres
  3 centaurs (D:7)
  4 big kobolds (D:5)
  A bullfrog (D:6)
  A wyvern zombie (D:7)
  A water moccasin zombie (D:7)
  4 scorpions
  A crimson imp (D:6)
  3 howler monkeys
  3 jellies
  A hound (D:4)
  4 orc priests
  4 orc wizards
  A gnoll shaman (D:6)
  Natasha (thrice) (D:2)
  2 iguanas
  4 worker ants
  A worker ant zombie (D:7)
  2 adders (D:7)
  12 gnolls
  2 shadow imps
  5 oozes (D:5)
  2 adder zombies
  A worm (D:4)
  4 leopard geckos
  20 orcs
  A ball python (D:1)
  9 bats
  5 giant cockroaches
  8 goblins
  8 hobgoblins
  12 jackals
  10 kobolds
  4 quokkas
  4 frilled lizards
  A quokka skeleton (D:7)
  A quokka zombie (D:7)
  10 rats
181 creatures vanquished.

Vanquished Creatures (collateral kills)
  An orc wizard (D:8)
1 creature vanquished.

Vanquished Creatures (others)
  6 fungi (D:5)
  9 toadstools (D:5)
15 creatures vanquished.

Grand Total: 197 creatures vanquished

Notes
Turn   | Place    | Note
-------+----------+-------------------------------------------
     0 | D:1      | Labyrinth the Draconian Fire Elementalist began the quest for the Orb.
     0 | D:1      | Reached XP level 1. HP: 14/14 MP: 3/3
   220 | D:1      | Reached XP level 2. HP: 20/20 MP: 3/5
   228 | D:1      | Learned a level 2 spell: Throw Flame
   340 | D:1      | You fall through a shaft!
   425 | D:2      | Noticed Natasha
   523 | D:1      | Reached XP level 3. HP: 23/26 MP: 0/6
   604 | D:1      | Learned a level 3 spell: Conjure Flame
  1093 | D:2      | Killed Natasha
  1093 | D:2      | Reached XP level 4. HP: 19/33 MP: 0/7
  1259 | D:2      | Noticed a centaur
  1259 | D:2      | Noticed a hungry ghost
  1322 | D:2      | Noticed Natasha
  1325 | D:2      | Killed Natasha
  1325 | D:2      | Reached skill level 4 in Fire Magic
  1516 | D:2      | Noticed Natasha
  1534 | D:2      | Killed Natasha
  1792 | D:3      | Reached XP level 5. HP: 31/38 MP: 9/9
  2076 | D:3      | Noticed an ogre
  2088 | D:3      | Killed an ogre
  2088 | D:3      | Reached skill level 1 in Polearms
  2088 | D:3      | Reached XP level 6. HP: 43/46 MP: 0/11
  2128 | D:3      | Learned a level 3 spell: Inner Flame
  2490 | D:3      | Found a stormy altar of Qazlal.
  2500 | D:3      | Became a worshipper of Qazlal Stormbringer
  2692 | D:4      | Noticed Eustachio
  2948 | D:4      | Killed Eustachio
  2998 | D:4      | Reached skill level 1 in Fighting
  3002 | D:4      | Your scales start taking on a fiery red colour.
  3002 | D:4      | Reached skill level 5 in Fire Magic
  3002 | D:4      | Reached XP level 7. HP: 21/52 MP: 0/13
  3002 | D:4      | Gained mutation: Your flesh is heat resistant. (rF+) [Red Draconian growth]
  3300 | D:4      | Reached skill level 1 in Maces & Flails
  3300 | D:4      | Reached skill level 6 in Fire Magic
  3449 | D:4      | Learned a level 4 spell: Sticky Flame
  3847 | D:4      | Noticed Sigmund
  3858 | D:4      | Killed Sigmund
  4034 | D:5      | Entered Level 5 of the Dungeon
  4157 | D:5      | Reached XP level 8. HP: 60/60 MP: 14/14
  4692 | D:5      | Reached skill level 1 in Slings
  4692 | D:5      | Reached skill level 7 in Fire Magic
  4701 | D:5      | Reached skill level 5 in Spellcasting
  4739 | D:5      | Reached skill level 5 in Conjurations
  4747 | D:5      | Noticed a slime creature
  4747 | D:5      | Noticed a slime creature
  4771 | D:5      | Killed a slime creature
  5046 | D:5      | Killed a slime creature
  5047 | D:5      | Reached * piety under Qazlal
  5229 | D:6      | Reached XP level 9. HP: 54/68 MP: 17/17
  5236 | D:6      | Learned a level 5 spell: Fireball
  5336 | D:6      | Reached skill level 8 in Fire Magic
  5401 | D:6      | Noticed dscm's ghost (novice HOMo)
  5409 | D:6      | Killed dscm's ghost
  5679 | D:6      | Noticed Edmund
  5686 | D:6      | Killed Edmund
  5686 | D:6      | Reached ** piety under Qazlal
  5686 | D:6      | Reached skill level 1 in Throwing
  6259 | D:7      | Found a staircase to the Ecumenical Temple.
  6308 | D:7      | Reached skill level 9 in Fire Magic
  6606 | D:7      | Reached XP level 10. HP: 77/77 MP: 9/20
  6888 | D:8      | Found a transporter.
  6919 | D:8      | Gained mutation: Your system is resistant to poisons. (rPois) [potion of mutation]
  6919 | D:8      | Gained mutation: You are agile. (Dex +2) [potion of mutation]
  6934 | D:8      | Found a transporter.
  7561 | D:8      | Noticed a soul eater
  8128 | D:8      | Noticed a rust devil
  8129 | D:8      | Noticed a smoke demon
  8131 | D:8      | Slain by an ice devil

Skill      XL: |  1  2  3  4  5  6  7  8  9 10 |
---------------+-------------------------------+-----
Conjurations   | 2 3 4 5 6 |  6.6
Fire Magic     | 4 5 6 7 9 |  9.4
Spellcasting   | 3 4 5 6 7 |  7.0
Stealth        | 2 |  2.9
Dodging        | 2 3 |  3.8
Polearms       | 1 |  1.5
Fighting       | 1 2 3 |  3.0
Maces & Flails | 1 2 4 |  4.5
Slings         | 2 |  2.1
Throwing       | 1 |  1.1
Hexes          | |  0.3
Invocations    | |  0.7
Evocations     | |  0.4

Action                   |  1- 3 |  4- 6 |  7- 9 | 10-12 || total
-------------------------+-------+-------+-------+-------++-------
Melee: Spear             |    26 |    50 |       |       ||    76
       Tailslap          |     4 |     9 |     1 |     2 ||    16
       Mace              |       |    14 |     2 |       ||    16
       Morningstar       |       |       |    55 |     6 ||    61
       Hunting sling     |       |       |     6 |       ||     6
 Fire: Hunting sling     |       |       |    14 |       ||    14
Throw: Stone             |       |     6 |       |       ||     6
       Javelin           |       |     2 |    11 |       ||    13
 Cast: Flame Tongue      |    45 |    37 |    82 |     6 ||   170
       Throw Flame       |     6 |    47 |   120 |    25 ||   198
       Conjure Flame     |       |     2 |     9 |     3 ||    14
       Sticky Flame      |       |       |     7 |       ||     7
       Inner Flame       |       |       |     5 |     1 ||     6
Invok: Upheaval          |       |       |     4 |     4 ||     8
 Abil: Breathe Fire      |       |       |    17 |     2 ||    19
Evoke: Wand              |       |       |       |     3 ||     3
  Use: Potion            |     1 |     1 |     5 |     2 ||     9
       Scroll            |       |     8 |    11 |     5 ||    24
 Stab: Sleeping          |       |     1 |       |       ||     1
  Eat: Chunk             |     2 |     7 |     5 |       ||    14
       Ration            |       |     1 |     4 |     1 ||     6
Armor: Skin              |    20 |    27 |    49 |     4 ||   100
Dodge: Dodged            |    33 |    40 |    89 |     8 ||   170
Block: Other             |       |       |     5 |       ||     5
